Map: Oxide LE

Players

MissFanta (ThuocLao)

  • Race: Protoss Protoss
  • Spawn Location: 7:00

RazerBlader - Winner!

  • Race: Terran Terran
  • Spawn Location: 1:00

Event: DreamHack SC2 Masters 2020 Winter

VOD

Have the link to the VOD?

Description

Time

  • Played on: Oct. 9, 2020, 11:47 p.m.
  • Length: 11:10

All games in this series

Show
View Real Time Build Order
Export as new Build Order

MissFanta Protoss 

Build Orders: 1 Gate Expand 

Get SALT Encoding   

  12  0:00  Probe  
  13  0:12  Probe  
  14  0:17  Pylon  
  14  0:24  Probe  
  15  0:35  Gateway  
  15  0:37  Probe (Chrono Boost)  
  16  0:43  Assimilator  
  16  0:46  Probe (Chrono Boost)  
  17  0:52  Probe  
  18  1:04  Probe  
  19  1:16  Probe  
  20  1:23  Cybernetics Core  
  20  1:33  Nexus  
  20  1:37  Probe  
  21  1:43  Pylon  
  21  1:47  Assimilator  
  21  1:50  Probe  
  22  1:59  Adept (Chrono Boost)  
  24  2:01  Warp Gate  
  24  2:02  Probe  
  25  2:14  Probe  
  26  2:20  Stalker  
  28  2:33  Pylon  
  28  2:36  Probe  
  29  2:44  Gateway, Probe  
  29  2:51  Probe  
  31  2:52  Robotics Facility  
  31  2:57  Stalker  
  33  3:03  Probe  
  33  3:05  Probe  
  35  3:15  Probe  
  36  3:22  Probe  
  36  3:25  Gateway  
  36  3:26  Gateway  
  37  3:36  Immortal (Chrono Boost)  
  41  3:42  Probe x2  
  43  3:50  Pylon  
  43  3:56  Sentry  
  43  3:57  Sentry  
  48  4:02  Probe  
  48  4:03  Probe  
  48  4:05  Pylon  
  48  4:06  Observer (Chrono Boost)  
  50  4:16  Probe  
  50  4:17  Probe  
  52  4:19  Assimilator  
  52  4:20  Stalker x2  
  52  4:21  Stalker  
  58  4:28  Probe  
  59  4:38  Observer  
  53  4:40  Stalker  
  53  4:41  Probe  
  53  4:45  Assimilator, Adept  
  56  4:46  Adept x2  
  56  4:49  Probe  
  56  4:50  Forge  
  63  5:01  Observer  
  58  5:14  Robotics Facility  
  58  5:15  Observer, Probe x2  
  58  5:16  Protoss Ground Armor Level 1 (Chrono Boost)  
  58  5:18  Gateway  
  58  5:19  Gateway  
  58  5:21  Gateway  
  60  5:27  Probe x2  
  60  5:28  Pylon  
  62  5:33  Stalker  
  64  5:39  Stalker  
  64  5:40  Stalker  
  68  5:44  Observer  
  68  5:45  Probe  
  68  5:47  Probe  
  71  5:54  Twilight Council  
  71  5:57  Probe  
  72  6:08  Robotics Bay  
  72  6:10  Probe, Immortal (Chrono Boost)  
  73  6:12  Pylon  
  73  6:16  Probe  
  78  6:19  Observer  
  78  6:29  Pylon x2  
  78  6:30  Probe x2  
  80  6:42  Probe  
  80  6:43  Immortal (Chrono Boost)  
  80  6:45  Charge (Chrono Boost)  
  85  6:57  Nexus  
  85  7:00  Probe  
  86  7:03  Gateway x2  
  86  7:06  Zealot x4  
  86  7:07  Gateway  
  93  7:09  Observer  
  93  7:20  Disruptor x2 (Chrono Boost)  
  99  7:32  Protoss Ground Armor Level 2 (Chrono Boost)  
  99  7:35  Zealot  
  101  7:38  Observer  
  101  7:43  Zealot  
  101  7:44  Zealot  
  101  7:48  Pylon x2  
  101  7:49  Pylon x2  
  89  8:13  Zealot x4  
  89  8:14  Zealot x4  
  89  8:16  Blink (Chrono Boost)  
  81  8:46  Pylon  
  93  8:50  Colossus (Chrono Boost), Nexus  
  93  8:52  Observer  
  93  8:59  Forge, Stalker x2  
  93  9:00  Stalker  
  99  9:04  Zealot  
  99  9:18  Zealot x4  
  99  9:23  Probe  
  108  9:25  Extended Thermal Lance, Observer  
  108  9:36  Colossus (Chrono Boost)  
  108  9:37  Colossus (Chrono Boost)  
  108  9:40  Zealot  
  108  9:42  Pylon, Zealot  
  118  9:48  Sentry  
  118  9:49  Sentry x2  
  124  9:56  Stalker x2  
  128  10:02  Zealot x2  
  130  10:13  Stalker x2  
  112  10:19  Zealot x3  
  107  10:27  Zealot x2  
  85  10:32  Zealot x2  
  84  10:41  Zealot x2  
  82  10:45  Zealot  
  82  10:48  Zealot  
Show
View Real Time Build Order
Export as new Build Order

RazerBlader Terran - Winner!

Build Orders: Reaper Expand 

Get SALT Encoding   

  12  0:00  SCV  
  13  0:12  SCV  
  14  0:17  Supply Depot  
  14  0:24  SCV  
  15  0:38  SCV  
  15  0:40  Barracks  
  16  0:43  Refinery  
  16  0:50  SCV  
  17  1:03  SCV  
  18  1:15  SCV  
  19  1:28  Orbital Command, Reaper  
  20  1:43  Command Center  
  20  1:54  SCV  
  20  1:57  Supply Depot  
  20  2:00  Marine  
  22  2:06  SCV  
  23  2:12  Factory  
  23  2:19  SCV  
  23  2:20  Bunker  
  24  2:23  Barracks Reactor  
  24  2:31  SCV  
  24  2:36  Refinery  
  25  2:43  SCV  
  26  2:55  SCV, Orbital Command  
  26  2:56  Hellion  
  29  2:59  Starport  
  29  3:02  Marine  
  29  3:03  Marine  
  31  3:09  SCV  
  32  3:20  Marine  
  32  3:21  Marine, SCV  
  32  3:23  Factory Tech Lab  
  32  3:24  SCV  
  35  3:30  Supply Depot  
  35  3:33  SCV  
  36  3:36  SCV  
  36  3:38  Marine x2  
  39  3:45  SCV  
  39  3:48  Factory Tech Lab  
  42  3:49  Barracks  
  42  3:51  SCV  
  42  3:52  Banshee  
  44  3:57  SCV  
  44  4:00  Marine x2, Bunker  
  47  4:04  Supply Depot  
  47  4:08  Siege Tank  
  50  4:11  SCV  
  50  4:12  SCV  
  51  4:18  Marine  
  51  4:22  Supply Depot  
  51  4:23  SCV  
  53  4:24  SCV  
  53  4:35  SCV  
  52  4:40  Siege Tank, Marine x2  
  59  4:51  SCV, Engineering Bay  
  58  4:53  SCV  
  58  4:57  Marine, Viking, Stimpack  
  61  5:01  Supply Depot  
  61  5:03  SCV  
  61  5:07  Marine x2  
  63  5:14  Siege Tank  
  63  5:20  Marauder, Refinery  
  69  5:22  Supply Depot  
  69  5:24  SCV  
  69  5:25  Marine  
  69  5:26  Missile Turret, SCV  
  71  5:33  Marine  
  71  5:34  Medivac  
  74  5:38  SCV  
  74  5:40  Supply Depot  
  74  5:41  Marine, SCV  
  77  5:45  Marine, Refinery  
  78  5:50  SCV  
  78  5:51  Terran Infantry Weapons Level 1  
  78  5:53  SCV  
  78  5:54  Barracks  
  80  5:57  Supply Depot  
  80  6:00  Marine  
  80  6:01  Marine  
  82  6:05  Siege Tank  
  82  6:06  Marine  
  82  6:09  SCV  
  87  6:12  Supply Depot  
  87  6:13  Missile Turret  
  87  6:16  SCV  
  87  6:18  Marine  
  88  6:19  Medivac, Marine  
  92  6:27  Marine  
  93  6:35  SCV  
  93  6:38  Supply Depot  
  93  6:39  Command Center  
  94  6:40  Combat Shield  
  94  6:42  Barracks Tech Lab, Marauder  
  94  6:46  SCV  
  97  6:51  Medivac  
  99  6:54  Supply Depot  
  99  6:55  Marine x2  
  99  6:57  SCV  
  102  7:01  Supply Depot  
  102  7:07  Concussive Shells, Marauder x2  
  106  7:14  Marine x2  
  108  7:24  Starport Reactor  
  108  7:29  Marauder, SCV  
  111  7:32  Supply Depot, Barracks, SCV  
  110  7:42  Marauder  
  110  7:43  Marine x2  
  108  7:44  Siege Tank  
  108  7:46  Terran Infantry Armor Level 1  
  108  7:50  Marauder  
  113  7:58  SCV  
  113  8:00  Marine  
  113  8:01  Marine  
  113  8:02  Armory  
  113  8:03  Marine, Engineering Bay  
  115  8:10  SCV  
  115  8:11  SCV, Marauder  
  113  8:18  Marine  
  114  8:20  Marine  
  114  8:21  Marauder  
  114  8:22  SCV  
  108  8:33  Marauder, Orbital Command  
  95  8:34  Siege Tank  
  95  8:35  Barracks Tech Lab  
  95  8:36  Marine  
  95  8:38  Marine  
  95  8:40  Barracks  
  100  8:41  SCV  
  100  8:42  Marauder  
  100  8:43  Medivac  
  104  8:50  Medivac  
  104  8:53  Orbital Command  
  106  8:58  Marine x2  
  106  8:59  Marine  
  109  9:04  Supply Depot  
  109  9:06  Siege Tank  
  109  9:08  Marine  
  113  9:12  SCV, Marine  
  113  9:16  Marine  
  116  9:18  Marine, Marauder  
  116  9:21  SCV  
  120  9:26  Marine, Missile Turret, Medivac  
  120  9:29  Barracks Reactor  
  123  9:32  Medivac  
  123  9:33  Marine  
  123  9:34  Marine  
  123  9:35  SCV  
  127  9:40  Siege Tank, Marine  
  127  9:41  Marauder  
  127  9:43  SCV, Marine  
  134  9:49  Refinery  
  134  9:50  Marine, Refinery  
  134  9:52  Marine  
  136  9:56  SCV  
  136  9:58  Supply Depot, Marine  
  136  9:59  Supply Depot  
  138  10:01  Marine  
  138  10:02  Marine  
  140  10:08  Marine  
  140  10:12  Siege Tank  
  140  10:13  Marine  
  140  10:14  Marine  
  131  10:16  SCV  
  131  10:20  Marauder, Marine  
  133  10:21  Marauder, Marine  
  133  10:24  SCV  
  133  10:27  Marauder  
  133  10:28  Medivac  
  137  10:31  Marine  
  137  10:35  Marine  
  138  10:38  Marine  
  138  10:39  Command Center  
  138  10:40  SCV  
  138  10:41  Marauder  
  143  10:50  Marine  
Tags
 
Add a new tag
Caveats
  • Supply blocks, unpowered buildings, or Contaminate may cause inaccurate times.
  • Supply counts are checked every 10 seconds.